 Dungeon Crawl Stone Soup version 0.17-a0-2211-gbb7320e (webtiles) character file.

154 borcha the Poker (level 5, -10/36 HPs)
             Began as a Formicid Abyssal Knight on Oct 27, 2015.
             Was a Believer of Lugonu.
             Blown up by Ijyb (18 damage)
             ... with a wand of disintegration
             ... on level 3 of the Dungeon.
             The game lasted 00:13:21 (4598 turns).

borcha the Poker (Formicid Abyssal Knight)          Turns: 4598, Time: 00:13:21

Health: -10/36     AC:  3    Str: 17    XL:     5   Next: 63%
Magic:  6/6        EV: 11    Int: 11    God:    Lugonu [**....]
Gold:   52         SH:  0    Dex: 11    Spells: 0 memorised, 4 levels left

rFire  . . .     SeeInvis +     a - +2 spear
rCold  . . .     Clarity  .     o - +0 scale mail
rNeg   . . .     SustAt   .     (no shield)
rPois  .         Gourm    .     (helmet unavailable)
rElec  .         Spirit   .     (no cloak)
rCorr  .         Warding  .     (no gloves)
rMut   .         Stasis   +     (no boots)
MR     .....                    (no amulet)
Stlth  ..........               (no ring)
                                f - +2 ring of evasion

@: not resistant to hostile enchantments, extremely unstealthy
A: permanent stasis, dig shafts and tunnels, four strong arms, antennae 3,
hooves 1, deformed body, frail 1
a: Dig, Shaft Self, Depart the Abyss, Bend Space, Renounce Religion


You were on level 3 of the Dungeon.
You worshipped Lugonu.
Lugonu was pleased with you.
You were not hungry.

You visited 1 branch of the dungeon, and saw 3 of its levels.
You visited the Abyss 1 time.

You collected 52 gold pieces.

Inventory:

Hand Weapons
 a - a +2 spear (weapon)
 h - a +3 quarterstaff of chaos
Armour
 b - a +1 leather armour
 j - a +0 cloak
 o - a +0 scale mail (worn)
Jewellery
 f - a +2 ring of evasion (left hand)
Scrolls
 e - 2 scrolls of remove curse
 g - a scroll of fear
 q - 3 scrolls of fog {unknown}
Potions
 k - a potion of haste
 n - a potion of curing
 p - a potion of resistance {unknown}
Books
 d - a book of Air

   Spells                             Type                      Level
   a - Shock                          Conjuration/Air              1
   b - Swiftness                      Charms/Air                   2
   c - Repel Missiles                 Charms/Air                   2
   d - Static Discharge               Conjuration/Air              3
   e - Lightning Bolt                 Conjuration/Air              5
Comestibles
 c - 2 bread rations
 i - 2 meat rations
 l - 7 fruits
 r - a slice of pizza


   Skills:
 - Level 3.2 Fighting
 * Level 5.4 Polearms
 - Level 2.1 Armour
 - Level 0.8 Dodging
 - Level 2.1 Invocations


You had 4 spell levels left.
You didn't know any spells.

Dungeon Overview and Level Annotations

Branches:
Dungeon (3/15)

Altars:
Kikubaaqudgha
Nemelex Xobeh

Annotations:
D:3 Ijyb


Innate Abilities, Weirdness & Mutations

You are under a permanent stasis effect.
You can dig through walls and to a lower floor.
Your four strong arms can wield two-handed weapons with a shield.
You have a pair of large antennae on your head (SInv).
You have large cloven feet.
Armour fits poorly on your strangely shaped body.
You are frail (-10% HP).


Message History

Lugonu accepts your kill.
You miss Ijyb. Ijyb hits you with a club.
You barely miss Ijyb. Your kick misses Ijyb.
Ijyb zaps a wand.
You are blasted!
It is a wand of disintegration.
You hit Ijyb.
Ijyb is lightly wounded.
You barely miss Ijyb.
Ijyb is lightly wounded.
Ijyb zaps a wand.
You are blasted!
You closely miss Ijyb.
Ijyb is lightly wounded.
Ijyb hits you with a club.
* * * LOW HITPOINT WARNING * * *
You hit Ijyb.
Ijyb is lightly wounded.
Ijyb hits you with a club.
* * * LOW HITPOINT WARNING * * *
Ijyb zaps a wand.
You are blasted!
Ouch! That really hurt!
You die...

## ######## ##≈≈
#......# #≈≈≈ {
+...(..# ##≈≈ #..g().#
#≈≈#########..##)'#
##≈≈#.........@#...#
#...'..(.......#...#
#...)..........#...#
#...'......(...#...#
#(≈≈#.......(..#...#
###(≈≈#########..#...#
....#≈≈≈..#...#()#...#
#####≈≈≈..'...'..##'##
##≈≈..#..)#####


You could see Ijyb.

Vanquished Creatures
  Crazy Yiuf (D:2)
  6 adders (D:2)
  2 oozes
  2 worms (D:2)
  2 giant geckos
  An orc (D:3)
  7 bats
  4 giant cockroaches
  13 goblins
  4 hobgoblins
  3 jackals (D:3)
  6 kobolds
  A giant newt (D:2)
  5 rats
57 creatures vanquished.

Notes
Turn   | Place    | Note
--------------------------------------------------------------
     0 | Abyss:1  | borcha the Formicid Abyssal Knight began the quest for the Orb.
     0 | Abyss:1  | Reached XP level 1. HP: 18/18 MP: 2/2
    88 | Abyss:1  | Noticed a small abomination
    93 | Abyss:1  | Found a corrupted altar of Lugonu.
   111 | D:1      | Escaped the Abyss
   564 | D:1      | Reached XP level 2. HP: 24/24 MP: 3/3
  1233 | D:2      | Found a sparkling altar of Nemelex Xobeh.
  1269 | D:2      | Reached XP level 3. HP: 26/29 MP: 4/4
  1826 | D:2      | Reached skill level 4 in Polearms
  1826 | D:2      | Reached XP level 4. HP: 18/35 MP: 5/5
  2064 | D:2      | Found an ancient bone altar of Kikubaaqudgha.
  2252 | D:2      | Reached ** piety under Lugonu
  2901 | D:2      | Noticed Crazy Yiuf
  3304 | D:2      | Killed Crazy Yiuf
  3304 | D:2      | Reached skill level 5 in Polearms
  3304 | D:2      | Reached XP level 5. HP: 30/41 MP: 6/6
  3514 | D:2      | Gained mutation: Armour fits poorly on your strangely shaped body. [potion of mutation]
  3514 | D:2      | Gained mutation: You are frail (-10% HP). [potion of mutation]
  3514 | D:2      | Gained mutation: You have large cloven feet. [potion of mutation]
  4579 | D:3      | Noticed Ijyb
  4598 | D:3      | Blown up by Ijyb

Vault maps used:
D:1:      scummos_arrival_gate
D:2:      kiku_gazebo_garden_becter, nemelex_xobeh_ov_fountains_minmay,
          uniq_crazy_yiuf_cottage
D:3:      kennysheep_goblin_castle, cheibrodos_ashenzari_chains

Action                   |  1- 3 |  4- 6 || total
-------------------------+-------+-------++-------
Melee: Spear             |    87 |   154 ||   241
  Use: Scroll            |    10 |       ||    10
       Potion            |     1 |     4 ||     5
 Stab: Sleeping          |     1 |       ||     1
  Eat: Chunk             |     3 |     3 ||     6
       Bread ration      |       |     1 ||     1
       Fruit             |       |     1 ||     1
